 Dungeon Crawl Stone Soup version 0.20.1-1-g8b1a95d (webtiles) character file.

7 letownia2 the Grave Robber (level 1, -4/15 HPs)
             Began as a Deep Dwarf Necromancer on Dec 18, 2017.
             Slain by Grinder (7 damage)
             ... on level 4 of the Dungeon.
             The game lasted 00:01:45 (649 turns).

letownia2 the Grave Robber (Deep Dwarf Necromancer)  Turns: 649, Time: 00:01:46

Health: -4/15      AC:  8    Str: 11    XL:     1   Next: 83%
Magic:  3/3        EV: 11    Int: 15    God:
Gold:   73         SH:  0    Dex: 13    Spells: 3/4 levels left

rFire    . . .     SeeInvis .   c - +0 blowgun
rCold    . . .     Gourm    .   (no shield)
rNeg     . . .     Faith    .   h - +0 ring mail
rPois    .         Spirit   .   (no helmet)
rElec    .         Reflect  .   (no cloak)
rCorr    .         Harm     .   (no gloves)
MR       .....                  (no boots)
Stlth    +.........             (no amulet)
Regen    0.0/turn               l - +3 ring of protection
MPRegen  0.1/turn               (no ring)

@: non-regenerating
A: damage resistance, heal wounds, sense surroundings 1, no regeneration
a: Heal Wounds


You were on level 4 of the Dungeon.
You were not hungry.

You visited 1 branch of the dungeon, and saw 4 of its levels.

You collected 73 gold pieces.

Inventory:

Hand Weapons
 c - a +0 blowgun (weapon)
 m - a +0 hunting sling
Missiles
 d - 10 bolts
 o - 21 poisoned needles (quivered)
Armour
 h - a +0 ring mail (worn)
Jewellery
 l - a +3 ring of protection (left hand)
Scrolls
 e - 5 scrolls of remove curse {unknown}
 j - 2 scrolls of identify {unknown}
 k - a scroll of amnesia {unknown}
 q - a scroll of random uselessness {unknown}
Potions
 a - a potion of agility {unknown}
 g - a potion of brilliance {unknown}
 i - 2 potions of might {unknown}
 p - a potion of resistance {unknown}
Books
 b - a book of Necromancy

   Spells                             Type                      Level
   a - Pain                           Necromancy                   1
   b - Animate Skeleton               Necromancy                   1
   c - Vampiric Draining              Necromancy                   3
   d - Regeneration                   Charms/Necromancy            3
   e - Animate Dead                   Necromancy                   4
   f - Control Undead                 Necromancy                   4
Comestibles
 f - 2 royal jellies
 n - a bread ration


   Skills:
 - Level 2.1 Dodging
 - Level 2.4 Stealth
 + Level 2.0 Spellcasting
 + Level 4.6 Necromancy


You had 3 spell levels left.
You knew the following spells:

 Your Spells              Type           Power        Failure   Level  Hunger
a - Pain                  Necr           ###.         9%          1    #......


Dungeon Overview and Level Annotations

Branches:
Dungeon (4/15)
 Temple: D:4-7

Altars:

Annotations:
D:2 exclusion: orc priest
D:3 Robin
D:4 Grinder


Innate Abilities, Weirdness & Mutations

You are resistant to damage.
You can heal yourself by infusing magical energy.
You passively map a small area around you.
You do not regenerate.


Message History

Robin is wielding a spear of flaming.
A goblin is wielding a dagger of venom.
The goblin shouts! x3; The kobold shouts!
Grinder says, "FISH!"
The goblin moves out of view.
The goblin hits you but does no damage. Grinder hits you!
You writhe in agony.
* * * LOW HITPOINT WARNING * * *
A goblin comes into view.
There is a stone staircase leading down, spattered with blood here.
Unknown command.
Unknown command.
Robin shouts!
The goblin misses you. Grinder gestures at you.
You shrug off the repeated paralysis!
You climb downwards.
There is a stone staircase leading up here.
Unknown command.
Unknown command.
Grinder hits you!
You die...

* * * ,, .. , ,
* .., * , , , #.
# , * * * * ..
.# * * * .##.# *
,,, ,....# *
########..#####
**
#.....g@.......,
,#.####5#...####
* , * ...#.#.#
#.###.# .# * ,,
, , <#.* *.# # #
*.# * , * , .# *
, , *, .# , *
*,, *,


You could see Grinder and a goblin.

Vanquished Creatures
  A giant cockroach (D:1)
  2 goblins
  2 kobolds (D:3)
  A rat (D:2)
6 creatures vanquished.

Notes
Turn   | Place    | Note
-------+----------+-------------------------------------------
     0 | D:1      | letownia2 the Deep Dwarf Necromancer began the quest for the Orb.
     0 | D:1      | Reached XP level 1. HP: 15/15 MP: 3/3
   314 | D:2      | Noticed an orc priest
   345 | D:2      | Found a faded altar of an unknown god.
   640 | D:3      | Noticed Grinder
   640 | D:3      | Paralysed by Grinder for 6 turns
   646 | D:3      | Noticed Robin
   649 | D:4      | Slain by Grinder

Skill      XL: |  1 |
---------------+----+-----
Spellcasting   | 2 |  2.0
Dodging        | |  2.1
Stealth        | |  2.4
Necromancy     | |  4.6

Action                   || total
-------------------------++-------
Melee: Unarmed           ||    12
 Cast: Pain              ||    10
Armor: Ring mail         ||     7
Dodge: Dodged            ||    12
